 Dungeon Crawl Stone Soup version 0.20-a0-303-g575bbf7 (webtiles) character file.

39 esc the Skirmisher (level 3, 0/23 HPs)
             Began as a Tengu Abyssal Knight on Dec 17, 2016.
             Was a Believer of Lugonu.
             Succumbed to an adder's poison
             ... on level 2 of the Dungeon.
             The game lasted 00:02:03 (1058 turns).

esc the Skirmisher (Tengu Abyssal Knight)           Turns: 1058, Time: 00:02:04

Health: 0/23       AC:  3    Str: 13    XL:     3   Next: 45%
Magic:  5/5        EV: 11    Int: 17    God:    Lugonu [**....]
Gold:   22         SH:  0    Dex: 13    Spells: 2/2 levels left

rFire  . . .     SeeInvis .     a - +1 mace
rCold  . . .     Gourm    .     b - +0 leather armour
rNeg   . . .     Faith    .     (no shield)
rPois  .         Spirit   .     (helmet restricted)
rElec  .         Reflect  .     (no cloak)
rCorr  .         Harm     .     (no gloves)
MR     .....                    (boots unavailable)
Stlth  +.........               (no amulet)
                                (no ring)
                                (no ring)

@: brilliant, lethally poisoned (0 -> -8)
A: beak, talons 3
a: Depart the Abyss, Bend Space, Renounce Religion


You were on level 2 of the Dungeon.
You worshipped Lugonu.
Lugonu was pleased with you.
You were hungry.

You visited 1 branch of the dungeon, and saw 2 of its levels.
You visited the Abyss 1 time.

You collected 22 gold pieces.

Inventory:

Hand Weapons
 a - a +1 mace (weapon)
Missiles
 e - 27 stones (quivered)
Armour
 b - a +0 leather armour (worn)
 j - a +0 plate armour
   (You found it on level 1 of the Dungeon)
Scrolls
 i - a scroll of random uselessness {unknown}
 l - a scroll of recharging {unknown}
Potions
 f - 2 potions of cure mutation {unknown}
 k - a potion of curing {unknown}
Comestibles
 c - a bread ration {@e1}
 d - a meat ration {@e2}
 g - a chunk of flesh {@w0}


   Skills:
 - Level 3.3 Fighting
 + Level 2.9 Maces & Flails
 - Level 2.6 Armour
 - Level 1.3 Dodging
 - Level 2.0 Invocations


You had 2 spell levels left.
You didn't know any spells.

Dungeon Overview and Level Annotations

Branches:
Dungeon (2/15)

Altars:


Innate Abilities, Weirdness & Mutations

You have a beak for a mouth.
You have claws for feet.


Message History

The kobold throws a stone.
The stone barely misses you. The kobold barely misses you.
The kobold throws a stone.
The stone hits you.
A rat comes into view.
You see here a stone.
You take 2 damage, and have 21/23 hp.
You hit the kobold.
You kill the kobold!
Lugonu accepts your kill.
The kobold throws a stone.
The stone hits you. The rat bites you.
You take 2 damage, and have 19/23 hp.
You hit the rat.
You kill the rat!
Lugonu accepts your kill.
No target in view!
No target in view!
No target in view!
There isn't anything to butcher here.
Things that are here:
a rat corpse; a kobold corpse You butcher the rat corpse.
Things that are here:
a chunk of flesh {@w0}; a rat skeleton; a kobold corpse You butcher the kobold corpse.
Things that are here:
a chunk of flesh {@w0}; a rat skeleton; an inedible chunk of flesh {@w0} There isn't anything to butcher here.
The kobold hits you but does no damage.
You see here 2 stones.
You hit the kobold.
You kill the kobold!
Lugonu accepts your kill.
No target in view!
No target in view!
e - 23 stones (gained 2)
g - a chunk of flesh {@w0}
Things that are here:
a rat skeleton; an inedible chunk of flesh {@w0} You see here a club.
e - 24 stones (gained 1)
e - 25 stones (gained 1)
e - 27 stones (gained 2)
You see here a club.
Done exploring.
You regained 2 hp, and now have 21/23 hp.
Done exploring.
You see here a club.
There is an escape hatch in the floor here.
Health restored: 23
There is a stone staircase leading down here.
You climb downwards.
A quokka comes into view.
Found a stone staircase leading down.
There is a stone staircase leading up here.
A quokka is nearby!
The quokka twitches its whiskers.
You closely miss the quokka. The quokka bites you.
You take 4 damage, and have 19/23 hp.
You hit the quokka. You claw the quokka. Your peck misses the quokka.
The quokka closely misses you. The quokka misses you.
You closely miss the quokka. The quokka misses you.
You hit the quokka.
You kill the quokka!
Lugonu accepts your kill.
No target in view!
A kobold comes into view. It is wielding a club.
You are feeling hungry.
An adder and a rat come into view.
The adder hisses angrily.
The kobold shouts!
The adder bites you.
You take 4 damage, and have 15/23 hp.
You closely miss the adder. Your kick misses the adder. You peck the adder.
The adder barely misses you. The adder closely misses you.
You hit the kobold. Your kick misses the kobold. The kobold barely misses you.
You hit the kobold but do no damage. Your kick misses the kobold.
The kobold hits you with a club.
You take 6 damage, and have 10/23 hp.
MASSIVE DAMAGE!!
You hit the kobold.
You kill the kobold!
Lugonu accepts your kill.
You hit the rat.
You kill the rat!
Lugonu accepts your kill. The adder bites you.
You are poisoned.
The adder poisons you!
You take 1 damage, and have 9/23 hp.
You hit the adder.
You feel sick. The adder closely misses you.
You take 1 damage, and have 8/23 hp.
You barely miss the adder. Your kick misses the adder. The adder bites you.
* * * LOW HITPOINT WARNING * * *
You are lethally poisoned!
The adder poisons you! The adder bites you.
* * * LOW HITPOINT WARNING * * *
You take 7 damage, and have 1/23 hp.
MASSIVE DAMAGE!!
It was a potion of brilliance.
You feel clever all of a sudden.
You die...

####### ....(...#
......!.#
........#
........#
........#
........########
........S@...<.#
#####..#####....#
....$..S....>.####
#######.#######
#.# #.# #.# #.#
#.#


You could see an adder.

Vanquished Creatures
  An ooze (D:1)
  A dart slug (D:1)
  A leopard gecko (D:1)
  4 goblins (D:1)
  4 hobgoblins (D:1)
  3 jackals (D:1)
  7 kobolds
  A quokka (D:2)
  A bat (D:1)
  5 rats
28 creatures vanquished.

Notes
Turn   | Place    | Note
-------+----------+-------------------------------------------
     0 | Abyss:1  | esc the Tengu Abyssal Knight began the quest for the Orb.
     0 | Abyss:1  | Reached XP level 1. HP: 14/14 MP: 3/3
    12 | D:1      | Escaped the Abyss
   218 | D:1      | Reached XP level 2. HP: 12/19 MP: 4/4
   232 | D:1      | HP: 4/19 [jackal (1)]
   238 | D:1      | HP: 3/19 [kobold (1)]
   238 | D:1      | HP: 1/19 [kobold (2)]
   591 | D:1      | Reached XP level 3. HP: 18/23 MP: 5/5
   615 | D:1      | Reached ** piety under Lugonu
   696 | D:1      | Reached skill level 2 in Invocations
  1057 | D:2      | HP: 5/23 [adder (3)]
  1057 | D:2      | HP: 1/23 [adder (4)]
  1058 | D:2      | Succumbed to an adder's poison

Vault maps used:
D:1:      dpeg_arrival_pond, hangedman_decor_clover_reticule,
          serial_bayou_pond_d
D:2:      gammafunk_temple_overflow_claw, amethyst_killhole
Abyss:1:  minivault_23

Skill      XL: |  1  2  3 |
---------------+----------+-----
Invocations    | 2 |  2.0
Fighting       | |  3.3
Maces & Flails | |  2.9
Armour         | |  2.6
Dodging        | |  1.3

Action                   || total
-------------------------++-------
Melee: Mace              ||    74
       Peck              ||     8
       Kick              ||    11
  Use: Scroll            ||     2
       Potion            ||     1
Armor: Leather armour    ||    17
Dodge: Dodged            ||    64

Vault maps used:
D:1:      dpeg_arrival_pond, hangedman_decor_clover_reticule,
          serial_bayou_pond_d
D:2:      gammafunk_temple_overflow_claw, amethyst_killhole
Abyss:1:  minivault_23

Table legend:
 A = Turns spent in this place as a percentage of turns spent in the entire game.
 B = Non-inter-level travel turns spent in this place as a percentage of non-inter-level travel turns spent in the entire game.
 C = Inter-level travel turns spent in this place as a percentage of turns spent in this place.
 D = Turns resting spent in this place as a percentage of non-inter-level travel turns spent in this place.
 E = Turns spent auto-exploring this place as a percentage of non-inter-level travel turns spent in this place.
 F = Non-inter-level travel turns spent in this place divided by the number of levels of this place that you've seen.
                   A       B       C       D       E      F
               +-------+-------+-------+-------+-------+----------------------
         Total | 100.0 | 100.0 |   0.3 |   1.4 |   8.3 |  96.3
       Dungeon |  95.5 |  95.5 |   0.4 |   1.4 |   8.7 | 138.0
         Abyss |   4.5 |   4.5 |   0.0 |   0.0 |   0.0 |  13.0
               +-------+-------+-------+-------+-------+----------------------

Table legend:
 A = Kills in this place as a percentage of kills in entire the game.
 B = Kills by you in this place as a percentage of kills by you in the entire game.
 C = Kills by friends in this place as a percentage of kills by friends in the entire game.
 D = Other kills in this place as a percentage of other kills in the entire game.
 E = Experience gained in this place as a percentage of experience gained in the entire game.
 F = Experience gained in this place divided by the number of levels of this place that you have seen.
                   A       B       C       D       E      F
               +-------+-------+-------+-------+-------+----------------------
         Total | 100.0 | 100.0 |  -nan |  -nan | 100.0 |  18.7
       Dungeon | 100.0 | 100.0 |  -nan |  -nan | 100.0 |  28.0
               +-------+-------+-------+-------+-------+----------------------
